 Dungeon Crawl Stone Soup version 0.31-a0-187-gba352fbbf7 (webtiles) character file.

Game seed: 15359483904561313052

511 qw the Skirmisher (level 6, -2/35 HPs)
             Began as a Deep Elf Hunter on June 22, 2023.
             Slain by a yak (3 damage)
             ... on level 4 of the Dungeon.
             The game lasted 00:01:07 (2460 turns).

qw the Skirmisher (Deep Elf Hunter)                 Turns: 2460, Time: 00:01:08

Health: -2/35      AC: 10    Str: 10    XL:     6   Next: 99%
Magic:  8/8        EV: 12    Int: 14    God:
Gold:   127        SH:  0    Dex: 18    Spells: 5/5 levels left

rFire   . . .        Y - +3 shortbow
rCold   . . .        (shield currently unavailable)
rNeg    . . .        c - +0 ring mail
rPois   .            e - +0 helmet
rElec   .            (no cloak)
rCorr   .            (no gloves)
SInv    .            (no boots)
Will    .....        (no amulet)
Stlth   +            a - +4 ring of protection
HPRegen 0.25/turn    (no ring)
MPRegen 0.11/turn

%: no passive effects
@: about to teleport
A: no striking features
a: no special abilities


You were on level 4 of the Dungeon.
You visited 1 branch of the dungeon, and saw 4 of its levels.

You collected 127 gold pieces.


   Skills:
 - Level 2.0 Fighting
 - Level 10.0 Ranged Weapons
 + Level 0.0 Armour
 - Level 4.5 Dodging
 - Level 1.2 Stealth


You had 5 spell levels left.
You didn't know any spells.
Your spell library was empty.

Inventory:

Hand Weapons
 Y - a +3 shortbow (weapon)
Armour
 c - a +0 ring mail (worn)
 e - a +0 helmet (worn)
Jewellery
 a - a +4 ring of protection (left hand)
Scrolls
 d - a scroll of teleportation
 g - a scroll of identify
Potions
 f - a potion of heal wounds
 h - a potion of curing {unknown}

Dungeon Overview and Level Annotations

Branches:
Dungeon (4/15)
 Temple: D:4-7

Altars:
Dithmenos
Nemelex Xobeh
Wu Jian
Yredelemnul

Shops:
D:3 (   D:4 :


Message History

The yak is moderately wounded.
A yak comes into view.
You shoot an arrow. The arrow barely misses the yak.
You shoot an arrow. The arrow barely misses the yak.
A quokka comes into view.
You shoot an arrow. The arrow hits the yak.
The yak is moderately wounded.
A yak comes into view.
The yak closely misses you.
You shoot an arrow. The arrow hits the yak!
The yak is heavily wounded.
The yak barely misses you.
You shoot an arrow. The arrow barely misses the yak.
The arrow hits the yak!
The yak is moderately wounded.
A dart slug comes into view.
The yak barely misses you.
You shoot an arrow. The arrow hits the yak!
The yak is severely wounded.
The yak closely misses you. The yak misses you.
You shoot an arrow. The arrow hits the yak.
The yak is severely wounded.
The yak gores you but does no damage. The yak gores you!
You shoot an arrow. The arrow barely misses the yak.
The arrow hits the quokka but does no damage.
The yak closely misses you. The yak gores you.
You shoot an arrow. The arrow hits the yak!
The yak is almost dead.
The yak gores you. x2
You shoot an arrow. The arrow hits the yak.
You kill the yak!
The yak barely misses you.
Your Dodging skill gained 2 levels and is now at level 4!
You shoot an arrow. The arrow hits the yak.
The yak is moderately wounded.
The yak gores you! The yak gores you.
2460 ||| READING 2 scrolls of teleportation.
As you read the scroll of teleportation, it crumbles to dust.
You feel strangely unstable. The yak gores you.
You die...

#.....)..##.#######
#....###...........
##.#.# ####.#######
#.#.# #.# #.#.# #.#
#.#.# #.# #.#.. ..#
#.### ### # #@# .
#YY...... #
#rw#####. ##.# .#
.# .# ..


You could see 2 yaks, a dart slug and a quokka.

Vanquished Creatures
  A yak (D:4)
  A jelly (D:3)
  A hound (D:4)
  An iguana (D:4)
  Robin (D:4)
  10 gnolls
  7 adders
  A worm (D:4)
  A dart slug (D:3)
  12 orcs (D:3)
  7 endoplasms
  15 giant cockroaches
  9 goblins
  5 hobgoblins
  5 quokkas
  2 ball pythons
  A bat (D:1)
  3 frilled lizards
  4 kobolds
  A rat (D:1)
88 creatures vanquished.

Notes
Turn   | Place    | Note
-------+----------+-------------------------------------------
     0 | D:1      | qw the Deep Elf Hunter began the quest for the Orb.
     0 | D:1      | Reached XP level 1. HP: 12/12 MP: 3/3
     0 | D:1      | 0 ||| qw: Version: 0.3-a-9-g12657ce
     0 | D:1      | 0 ||| qw: Game counter: 2718
     0 | D:1      | 0 ||| qw: Always use a shield: true
     0 | D:1      | 0 ||| qw: God list: Okawaru
     0 | D:1      | 0 ||| qw: Allow faded altars: false
     0 | D:1      | 0 ||| qw: Do Orc after D:15 true
     0 | D:1      | 0 ||| qw: Do second Lair branch before Depths: true
     0 | D:1      | 0 ||| qw: Lair rune preference: random
     0 | D:1      | 0 ||| qw: Plans: Normal
     0 | D:1      | 0 ||| PLANNING D:1-11
   225 | D:1      | Reached skill level 6 in Ranged Weapons
   225 | D:1      | Reached XP level 2. HP: 16/16 MP: 4/4
   308 | D:1      | Found a faded altar of an unknown god.
   707 | D:1      | 707 ||| UPGRADING to +0 helmet.
   712 | D:1      | 712 ||| READING 2 scrolls labelled ZIMAAQ DUDUAT.
   713 | D:1      | 713 ||| READING scroll of enchant weapon.
   713 | D:1      | 713 ||| ENCHANTING +1 shortbow.
   714 | D:1      | 714 ||| READING scroll labelled KIKLOI MITULIU.
   715 | D:1      | 715 ||| READING scroll labelled OXOEPU TENKYA.
   716 | D:1      | 716 ||| DROPPING scroll of butterflies.
   978 | D:2      | 978 ||| READING scroll of enchant weapon.
   978 | D:2      | 978 ||| ENCHANTING +2 shortbow.
  1086 | D:2      | 1086 ||| UPGRADING to +4 ring of protection.
  1087 | D:2      | 1087 ||| READING scroll labelled BUNNOA AXOT.
  1088 | D:2      | 1088 ||| READING scroll labelled WEAC OROUL.
  1089 | D:2      | 1089 ||| READING scroll labelled SAWYSMAINY.
  1117 | D:3      | 1117 ||| STAIRDANCE
  1162 | D:3      | Reached XP level 3. HP: 20/20 MP: 5/5
  1175 | D:3      | Reached skill level 7 in Ranged Weapons
  1180 | D:3      | 1180 ||| FLEEEEING.
  1181 | D:3      | 1181 ||| FLEEEEING.
  1182 | D:3      | 1182 ||| FLEEEEING.
  1183 | D:3      | 1183 ||| STAIRDANCE
  1216 | D:3      | Reached XP level 4. HP: 25/25 MP: 6/6
  1263 | D:3      | Reached skill level 8 in Ranged Weapons
  1383 | D:3      | Found Capnurch's Weapon Emporium.
  1392 | D:3      | 1392 ||| UPGRADING to +0 scale mail.
  1402 | D:3      | 1402 ||| DROPPING +0 leather armour.
  1410 | D:3      | Found a basalt altar of Yredelemnul.
  1413 | D:3      | Found an ornate altar of the Wu Jian Council.
  1416 | D:3      | Found a sparkling altar of Nemelex Xobeh.
  1418 | D:3      | Found a shadowy altar of Dithmenos.
  1487 | D:3      | Reached XP level 5. HP: 29/29 MP: 7/7
  1543 | D:3      | 1543 ||| UPGRADING to +0 ring mail.
  1553 | D:3      | 1553 ||| DROPPING +0 scale mail.
  1824 | D:3      | Reached skill level 9 in Ranged Weapons
  2047 | D:3      | 2047 ||| READING scroll labelled TEQIVOG CASOGG.
  2048 | D:3      | 2048 ||| READING 2 scrolls of identify.
  2048 | D:3      | 2048 ||| IDENTIFYING coppery potion
  2098 | D:4      | Noticed Robin
  2111 | D:4      | Killed Robin
  2184 | D:4      | Reached XP level 6. HP: 26/35 MP: 8/8
  2376 | D:4      | Reached skill level 10 in Ranged Weapons
  2390 | D:4      | Found Rotesud's Book Emporium.
  2446 | D:4      | Noticed a yak
  2448 | D:4      | Noticed a yak
  2451 | D:4      | Noticed a yak
  2458 | D:4      | Killed a yak
  2459 | D:4      | HP: 6/35 [yak (10)]
  2459 | D:4      | HP: 1/35 [yak (5)]
  2460 | D:4      | 2460 ||| READING 2 scrolls of teleportation.
  2460 | D:4      | Slain by a yak

Levels and vault maps discovered:
D:1:      lemuel_arrival_funnel, layout_loops_ring,
          ebering_ecumenical_altar_petrified
D:2:      layout_rooms, minmay_misc_feat_room
D:3:      minmay_roachtagon, layout_basic, minitemple, serial_shops,
          nicolae_shop_crystal, kennysheep_generic_room_8
D:4:      layout_loops_ring, minmay_temple_entry_mini_moons, serial_shops, shop,
          serial_park_tiny_pond, uniq_robin, uniq_edmund

Skill      XL: |  1  2  3  4  5  6 |
---------------+-------------------+-----
Ranged Weapons | 6 7 8 9 10 | 10.0
Fighting       | 2 |  2.0
Dodging        | 4 |  4.5
Stealth        | |  1.2

Action                     |  1- 3 |  4- 6 || total
---------------------------+-------+-------++-------
   Fire: Shortbow          |    88 |   195 ||   283
    Use: Scroll            |     8 |     3 ||    11
 Armour: Leather armour    |     6 |     1 ||     7
         Ring mail         |       |    32 ||    32
         Scale mail        |       |     7 ||     7
  Dodge: Dodged            |    19 |    53 ||    72

Table legend:
 A = Non-vault XP
 B = Vault XP
 C = Vault XP percentage of total XP
 D = Non-vault monster count
 E = Vault monster count
 F = Vault count percentage of total count
                 A         B        C        D         E       F
            +---------+---------+-------+---------+---------+-------
      Total |     678 |      53 |   7.3 |      69 |      19 |  21.6
            +---------+---------+-------+---------+---------+-------
        D:1 |      24 |       0 |   0.0 |      15 |       0 |   0.0
        D:2 |       8 |       0 |   0.0 |       4 |       0 |   0.0
        D:3 |     287 |      23 |   7.4 |      39 |      11 |  22.0
        D:4 |     359 |      30 |   7.7 |      11 |       8 |  42.1
            +---------+---------+-------+---------+---------+-------
